Map: Blueshift LE

Players

Lambo - Winner!

  • Race: Zerg Zerg
  • League: Grandmaster
  • Spawn Location: 7:00

ShaDoWn

  • Race: Protoss Protoss
  • League: Grandmaster
  • Spawn Location: 1:00

VOD

Have the link to the VOD?

Description

Time

  • Played on: Dec. 4, 2018, 1:06 p.m.
  • Length: 13:34
Show
View Real Time Build Order
Export as new Build Order

Lambo Zerg - Winner!

Build Orders: Hatch First, Swarm Host 

Get SALT Encoding   

  12  0:01  Drone  
  13  0:13  Overlord  
  13  0:17  Drone  
  14  0:31  Drone x2  
  16  0:47  Hatchery  
  15  0:52  Drone  
  15  0:54  Drone  
  17  0:58  Drone  
  18  1:08  Extractor  
  17  1:13  Spawning Pool  
  17  1:15  Drone  
  17  1:20  Drone  
  18  1:28  Drone  
  19  1:43  Drone  
  20  1:52  Overlord  
  20  1:59  Queen x2  
  20  2:00  Zergling x2  
  20  2:01  Zergling x2  
  26  2:09  Drone  
  26  2:10  Metabolic Boost  
  26  2:11  Drone  
  28  2:21  Drone  
  29  2:27  Drone  
  30  2:34  Hatchery  
  30  2:36  Drone  
  30  2:43  Drone  
  32  2:44  Drone  
  32  2:45  Overlord  
  32  2:54  Queen  
  33  3:02  Drone  
  33  3:07  Drone x2  
  33  3:10  Drone x2  
  33  3:12  Overlord  
  37  3:13  Drone  
  37  3:15  Drone  
  37  3:17  Drone  
  40  3:22  Drone x2  
  42  3:28  Drone  
  42  3:32  Drone, Queen  
  46  3:34  Overlord  
  46  3:38  Drone  
  47  3:43  Drone x3  
  47  3:48  Overlord  
  50  3:51  Spore Crawler  
  50  3:55  Spore Crawler  
  48  3:56  Queen  
  48  3:59  Zergling x4  
  48  4:02  Zergling x2  
  53  4:05  Zergling x4  
  53  4:08  Overlord  
  55  4:12  Zergling x4  
  55  4:15  Overlord  
  57  4:22  Overlord  
  57  4:23  Drone  
  57  4:24  Drone x4  
  61  4:29  Drone  
  61  4:35  Overlord  
  61  4:36  Drone  
  62  4:40  Lair  
  62  4:42  Drone x2  
  62  4:45  Drone x2  
  64  4:53  Roach Warren  
  64  4:57  Extractor  
  64  4:58  Extractor  
  64  4:59  Drone x2  
  65  5:00  Drone  
  65  5:02  Drone  
  65  5:03  Drone  
  65  5:04  Drone  
  65  5:07  Drone x2  
  71  5:11  Drone  
  71  5:12  Drone x2  
  74  5:14  Drone x3  
  74  5:16  Drone  
  75  5:28  Drone x4  
  79  5:31  Overlord x2  
  79  5:35  Extractor  
  78  5:40  Roach x4  
  86  5:44  Roach x2  
  86  5:45  Infestation Pit  
  86  5:47  Roach x3  
  94  5:52  Glial Reconstitution  
  94  5:53  Roach, Extractor  
  94  5:54  Roach x3, Extractor  
  100  5:59  Overlord  
  100  6:02  Overlord  
  99  6:07  Overlord  
  99  6:09  Drone x4  
  101  6:19  Overlord x2  
  101  6:20  Overseer  
  101  6:26  Drone x3  
  101  6:27  Drone  
  101  6:31  Overlord  
  105  6:36  Overlord  
  105  6:39  Swarm Host x6  
  108  6:41  Hatchery  
  122  6:47  Swarm Host x2  
  128  6:55  Swarm Host x2  
  128  6:59  Swarm Host  
  137  7:01  Overlord  
  137  7:09  Overlord, Swarm Host x2  
  137  7:11  Overlord  
  137  7:13  Overseer  
  143  7:17  Spine Crawler  
  143  7:22  Swarm Host x3  
  145  7:28  Overlord  
  145  7:29  Overlord  
  151  7:30  Swarm Host  
  151  7:32  Overlord  
  151  7:33  Zergling x14  
  161  7:39  Roach x4  
  169  7:46  Swarm Host x2  
  175  7:53  Roach x4  
  183  7:59  Queen  
  183  8:00  Overlord  
  185  8:06  Baneling Nest  
  185  8:08  Evolution Chamber  
  185  8:10  Ravager x4  
  185  8:12  Roach, Zergling x20  
  193  8:34  Spine Crawler  
  193  8:35  Roach, Spine Crawler  
  193  8:36  Roach x3, Spine Crawler  
  184  8:50  Centrifical Hooks  
  184  8:52  Zerg Melee Weapons Level 1  
  184  8:53  Roach x10  
  200  9:00  Baneling x7  
  200  9:10  Hydralisk Den  
  188  9:24  Roach x6  
  192  9:33  Roach x7  
  188  9:48  Zergling x2  
  188  9:49  Zergling x20  
  188  9:52  Grooved Spines  
  199  10:10  Zergling x16  
  198  10:16  Drone x2  
  198  10:18  Evolution Chamber  
  199  10:32  Zergling x12  
  195  10:38  Hydralisk x5  
  195  10:46  Hydralisk x3, Baneling x6  
  199  10:51  Baneling  
  199  10:52  Baneling x11  
  199  10:59  Overlord  
  199  11:03  Muscular Augments  
  199  11:06  Hive  
  199  11:08  Spire  
  199  11:09  Extractor  
  199  11:10  Drone x2  
  199  11:11  Drone, Extractor  
  176  11:28  Hydralisk x7  
  176  11:29  Hydralisk x4  
  191  11:42  Drone x8  
  197  11:59  Zergling x14  
  200  12:17  Hydralisk  
  198  12:24  Baneling x6  
  198  12:25  Baneling x8  
  198  12:27  Hydralisk x2  
  196  12:48  Hydralisk  
  196  12:49  Hydralisk x9, Zergling x4  
  199  12:56  Hydralisk x5  
  191  13:00  Hydralisk  
  191  13:04  Hydralisk  
  182  13:09  Hydralisk  
Show
View Real Time Build Order
Export as new Build Order

ShaDoWn Protoss 

Build Orders: 1 Gate Expand, Oracle Opening, Phoenix Opening, Archon Immortal, Archon Drop 

Get SALT Encoding   

  12  0:00  Probe  
  13  0:12  Probe  
  14  0:20  Pylon  
  14  0:24  Probe  
  15  0:34  Probe  
  15  0:38  Gateway  
  15  0:42  Probe  
  16  0:47  Assimilator  
  17  0:52  Probe  
  18  1:04  Probe  
  19  1:16  Probe  
  20  1:25  Nexus  
  20  1:33  Cybernetics Core  
  20  1:36  Probe  
  21  1:41  Assimilator  
  21  1:48  Probe  
  21  1:51  Pylon  
  22  2:00  Probe  
  22  2:01  Adept  
  23  2:12  Probe  
  26  2:18  Stargate  
  26  2:24  Probe  
  26  2:27  Adept  
  29  2:34  Probe x2  
  30  2:38  Warp Gate  
  30  2:42  Probe x2  
  31  2:51  Probe  
  33  2:52  Probe  
  35  3:01  Phoenix  
  35  3:03  Probe  
  35  3:04  Probe  
  37  3:15  Probe  
  37  3:16  Assimilator, Probe  
  37  3:17  Assimilator  
  39  3:24  Oracle  
  42  3:27  Probe  
  42  3:28  Probe  
  42  3:29  Pylon  
  44  3:38  Probe  
  44  3:39  Probe  
  44  3:40  Gateway  
  46  3:46  Probe  
  46  3:51  Probe, Robotics Facility  
  46  3:54  Probe  
  48  3:59  Twilight Council  
  48  4:02  Adept  
  51  4:05  Probe  
  51  4:07  Probe  
  53  4:14  Pylon  
  53  4:17  Probe  
  54  4:27  Warp Prism  
  54  4:32  Probe  
  54  4:37  Gateway x2  
  57  4:38  Templar Archives  
  57  4:43  Zealot  
  59  4:46  Adept  
  59  4:57  Pylon  
  59  5:02  Forge  
  59  5:16  Pylon  
  59  5:18  Nexus  
  60  5:21  Observer  
  60  5:22  Probe  
  60  5:24  Probe  
  62  5:28  Pylon  
  62  5:34  Probe, High Templar x4  
  71  5:36  Probe  
  71  5:37  Protoss Ground Weapons Level 1  
  71  5:38  Archon x2  
  71  5:42  Immortal  
  76  5:46  Probe  
  77  5:52  Probe, Shield Battery  
  77  5:56  Robotics Facility  
  78  5:58  Probe  
  79  6:06  Probe  
  79  6:10  Probe  
  81  6:17  Gateway  
  81  6:18  Gateway, Probe  
  82  6:19  Charge  
  82  6:21  Gateway  
  82  6:23  Probe  
  83  6:30  Probe x2  
  83  6:31  Gateway  
  85  6:35  Assimilator, Probe  
  85  6:37  Assimilator  
  86  6:40  Gateway  
  86  6:42  Probe  
  88  6:47  Probe  
  88  6:50  Immortal  
  92  6:54  Psionic Storm  
  92  7:07  High Templar x3, Pylon x2  
  94  7:19  High Templar  
  94  7:22  Pylon  
  96  7:24  Shield Battery  
  96  7:26  Photon Cannon  
  96  7:27  Zealot x2  
  96  7:28  Zealot x2, Shield Battery  
  104  7:39  Immortal  
  104  7:40  Pylon  
  108  7:54  Immortal  
  108  7:56  High Templar  
  108  7:57  High Templar  
  108  7:58  High Templar, Zealot x5  
  126  8:01  Protoss Ground Weapons Level 2  
  128  8:05  Archon  
  128  8:19  Pylon  
  128  8:21  Nexus  
  128  8:22  High Templar x2  
  132  8:31  Zealot  
  132  8:36  Probe  
  132  8:39  Immortal x2  
  132  8:40  Probe x2  
  118  8:47  Pylon  
  122  8:51  High Templar  
  124  9:00  High Templar  
  124  9:01  Zealot x3  
  132  9:09  Zealot x2  
  136  9:11  Immortal  
  136  9:19  Immortal  
  136  9:24  Zealot x2  
  127  9:38  Pylon  
  127  9:43  Probe  
  127  9:45  Probe  
  115  9:48  Zealot  
  115  9:51  Immortal  
  120  9:54  Probe x2  
  120  9:55  Probe  
  120  9:57  High Templar x4  
  120  9:58  Immortal  
  135  10:00  Zealot x4  
  135  10:03  Probe  
  135  10:05  Probe  
  135  10:06  Probe  
  139  10:15  Zealot  
  141  10:22  Archon  
  141  10:31  Pylon  
  141  10:33  Pylon  
  141  10:34  Zealot x4  
  149  10:42  Pylon  
  145  10:46  Assimilator x2  
  133  10:57  High Templar  
  133  10:58  High Templar x3  
  141  11:04  Archon  
  141  11:07  Zealot x5  
  134  11:33  Archon  
  134  11:37  Immortal  
  130  11:40  Zealot x9  
  148  12:02  Nexus  
  148  12:03  High Templar x5  
  148  12:06  Zealot x3  
  148  12:08  Archon x2  
  142  12:25  High Templar  
  142  12:26  High Templar  
  142  12:27  Zealot x2  
  138  12:31  Archon  
  133  12:44  Zealot x4  
  133  12:45  Zealot  
  65  13:17  Zealot x5  
  70  13:25  High Templar x4  
Tags
 
Add a new tag
Caveats
  • Supply blocks, unpowered buildings, or Contaminate may cause inaccurate times.
  • Supply counts are checked every 10 seconds.